cohdb
Replays
Latest Replays
All Replays
Popular Replays
Top Player Replays
Match Explorer
How It Works
Community
CoH3 Stats
Reddit
Sign in to upload your games and track your stats! →
Sign in with Steam
Match 45225523
Unlisted
Match 45225523
Overview
Messages
Build Orders
End
Construct Weapon Support Center
Scout Squad
Selects Special Operations Battlegroup
Selects M29 Weasel Recon Vehicle
M1919 Machine Gun Team
M1919 Machine Gun Team
Bazooka Squad
Infantry Support Center
M1919 Machine Gun Team
Construct Medical Station
Selects Mark Vehicle
Selects UNKNOWN (2162291)
Bazooka Squad
M1919 Machine Gun Team
Selects Raiding Flares
Raiding Flares
Construct Tank Depot
Mark Vehicle
Bazooka Squad
Raiding Flares
M4A1 Sherman Whizbang
Raiding Flares
Selects SSF Commando Squad
Selects Air Re-supply Operation
M4A1 Sherman Whizbang
Raiding Flares
M18 Hellcat Tank Destroyer
Engineer Squad
Raiding Flares
Engineer Squad
Mark Vehicle
Raiding Flares
M4A1 Sherman Whizbang
Raiding Flares
M4(105) Sherman Bulldozer
Engineer Squad
Engineer Squad
玉米
insanepiglet
Bruckley
-97
我小叮当今晚要搞事!
inc.
茶靡
mayomeyo
0
0
Comments
sign in to comment!
No comments posted yet!